[Event "*** Titled Tuesday 3|2 Blitz"]
[Site "Chess.com"]
[Date "2016.01.05"]
[Round "1"]
[White "Hikaru"]
[Black "zanbato17"]
[Result "1-0"]
[WhiteElo "2894"]
[BlackElo "2226"]
[TimeControl "180+2"]
[EndTime "17:01:36 PST"]
[Termination "Hikaru won by resignation"]

1. d4 d5 2. Bf4 Nf6 3. e3 c6 4.
c4 e6 5. Nc3 Be7 6. Nf3 Nbd7 7.
Bd3 O-O 8. O-O b6 9. cxd5 Nxd5 10. Nxd5 cxd5 11. Rc1 Bb7 12. Bb5 Rc8 13. Qa4 Nf6 14.
Qxa7 Ba8 15. Rxc8 1-0

[Event "*** Titled Tuesday 3|2 Blitz"]
[Site "Chess.com"]
[Date "2016.01.05"]
[Round "1"]
[White "UltimateCrusher2"]
[Black "nfds"]
[Result "0-1"]
[WhiteElo "2028"]
[BlackElo "2333"]
[TimeControl "180+2"]
[EndTime "17:03:34 PST"]
[Termination "nfds won by resignation"]

1. b3 d5 2. Bb2 Nf6 3. Nf3 c5 4. e3 Nc6 5. Bb5 Bd7 6. O-O e6 7. d3 Bd6 8. Nbd2 Qe7 9. e4 dxe4 10. dxe4 Ne5 11. Bxd7+ Nfxd7 12. Nxe5 Bxe5 13. Bxe5 Nxe5 14. f4 Nc6 15. e5 O-O-O 16. Qe1 Nb4 17. Qe4 Rxd2 18.
a3 Nc6 19. b4 cxb4 20. axb4 Qxb4 21. Qxb4 Nxb4 22. Rxa7 Kb8 23. Rd1 Rxd1+ 0-1

[Event "*** Titled Tuesday 3|2 Blitz"]
[Site "Chess.com"]
[Date "2016.01.05"]
[Round "1"]
[White "MMSANCHEZ"]
[Black "Silent_Terror"]
[Result "0-1"]
[WhiteElo "2307"]
[BlackElo "2278"]
[TimeControl "180+2"]
[EndTime "17:03:46 PST"]
[Termination "Silent_Terror won by checkmate"]

1. d4 e6 2. Nf3 Nf6 3. e3 b6 4.
Bd3 Bb7 5. O-O d6 6. Nbd2 Nbd7 7.
e4 c5 8. c3 cxd4 9. cxd4 Be7 10.
Re1 O-O 11. b3 Re8 12. Bb2 Nf8 13. Rc1 Rc8 14. Qe2 Rxc1 15. Rxc1 Qb8 16. g3 Rc8 17. e5 Rxc1+ 18. Bxc1 dxe5 19. dxe5 Nd5 20. Ne4 Nb4 21. Bb1 Ng6 22. Bg5 Bxg5 23. Nexg5 Qc7 24. Be4 Qc1+ 25. Kg2 Ba6 26. Qd2 Qf1# 0-1

[Event "*** Titled Tuesday 3|2 Blitz"]
[Site "Chess.com"]
[Date "2016.01.05"]
[Round "1"]
[White "GianmarcoVaR"]
[Black "RobertoSuardi"]
[Result "1-0"]
[WhiteElo "2260"]
[BlackElo "1837"]
[TimeControl "180+2"]
[EndTime "17:03:51 PST"]
[Termination "GianmarcoVaR won by resignation"]

1. d4 Nf6 2. Nf3 c5 3. c4 cxd4 4. Nxd4 Nc6 5. Nc2 d6 6. Nc3 g6 7.
g3 Bg7 8. Bg2 Bd7 9. O-O O-O 10.
b3 Rc8 11. Bb2 a6 12. Rc1 h5 13. Nd5 Nxd5 14. Bxg7 Kxg7 15. cxd5 Ne5 16. Qd4 Kg8 17. h3 Qa5 18. f4 Qxa2 19. Ne3 Rxc1 20. Rxc1 Qxe2 21.
fxe5 dxe5 22. Qxe5 e6 23. Ng4 hxg4 24. Qxe2 1-0

[Event "*** Titled Tuesday 3|2 Blitz"]
[Site "Chess.com"]
[Date "2016.01.05"]
[Round "1"]
[White "Recombinant"]
[Black "Dlugy"]
[Result "0-1"]
[WhiteElo "2186"]
[BlackElo "2579"]
[TimeControl "180+2"]
[EndTime "17:04:03 PST"]
[Termination "Dlugy won by resignation"]

1. d4 Nf6 2. c4 g6 3. Nc3 Bg7 4. Nf3 d6 5. Bg5 O-O 6. e3 c5 7. d5 a6 8. Be2 b5 9. cxb5 axb5 10. Bxb5 Ba6 11. Bxa6 Nxa6 12. O-O Qa5 13. Qc2 Rfb8 14. Nd2 Nb4 15. Qb1 Nbxd5 16. Nxd5 Nxd5 17. Nc4 Qa6 18. Qc2 h6 19. Bh4 Rb4 20. Rfc1 Qb7 21. Rcb1 Nb6 22. Nxb6 Rxb6 23. a4 g5 24. a5 Rxb2 25. Rxb2 Qxb2 26. Qxb2 Bxb2 27. Rb1 Rxa5 28. Bg3 c4 0-1

[Event "*** Titled Tuesday 3|2 Blitz"]
[Site "Chess.com"]
[Date "2016.01.05"]
[Round "1"]
[White "AungTZ"]
[Black "RitchieBlackmore"]
[Result "0-1"]
[WhiteElo "2123"]
[BlackElo "2436"]
[TimeControl "180+2"]
[EndTime "17:04:15 PST"]
[Termination "RitchieBlackmore won by resignation"]

1. e4 d6 2. d4 e5 3. Nf3 exd4 4.
Nxd4 Nf6 5. Nc3 g6 6. Be2 Bg7 7. O-O O-O 8. Be3 Nc6 9. f3 Re8 10. Qd2 d5 11. Nxc6 bxc6 12. Rad1 Qe7 13. Bd4 dxe4 14.
Bxf6 Qxf6 15. Nxe4 Qxb2 16. Bc4 Be6 17. Bb3 a5 18. Nc5 Bd5 19. Kh1 Qa3 20. Na4 Rad8 21. Qf4 Qe7 22. Qg3 Bxb3 23. axb3 Rxd1 24. Rxd1 Qe2 25.
Rg1 Qxc2 26. Qxc7 Qf2 27. Qxc6 Re1 0-1

[Event "*** Titled Tuesday 3|2 Blitz"]
[Site "Chess.com"]
[Date "2016.01.05"]
[Round "1"]
[White "IMRosen"]
[Black "nijat_a"]
[Result "0-1"]
[WhiteElo "2203"]
[BlackElo "2708"]
[TimeControl "180+2"]
[EndTime "17:05:04 PST"]
[Termination "nijat_a won by checkmate"]

1. d4 Nf6 2. Nf3 e6 3. Bf4 c5 4. e3 d5 5. c3 Nc6 6. Nbd2 Be7 7. Bd3 O-O 8. O-O b6 9. Qe2 Bb7 10. Rad1 Nh5 11. Bg3 Nxg3 12. hxg3 Qc7 13. g4 e5 14. e4 dxe4 15. Qxe4 f5 16. Qd5+ Kh8 17. Nxe5 Nxe5 18. Qxe5 Bd6 19. Qe3 fxg4 20. Be4 Rae8 21. Qd3 Bh2+ 22. Kh1 Qd6 23. g3 Qh6 24. Qe3 Qh3 25. Bg2 Bxg2# 0-1

[Event "*** Titled Tuesday 3|2 Blitz"]
[Site "Chess.com"]
[Date "2016.01.05"]
[Round "1"]
[White "JusticeBot"]
[Black "BCNUM8"]
[Result "1-0"]
[WhiteElo "2476"]
[BlackElo "2138"]
[TimeControl "180+2"]
[EndTime "17:05:05 PST"]
[Termination "JusticeBot won by resignation"]

1. e4 Nc6 2. Nf3 d6 3. d4 Nf6 4. Nc3 Bg4 5. d5 Nb8 6. Be2 g6 7. O-O Bg7 8. Be3 Nbd7 9. Re1 O-O 10. Nd2 Bxe2 11. Qxe2 c6 12. dxc6 bxc6 13. Nb3 Qc7 14. f3 a5 15. a4 Rfb8 16. Rab1 d5 17. exd5 cxd5 18. Nb5 Qc4 19. Qxc4 dxc4 20. Nd2 Nd5 21. Nxc4 Nxe3 22. Nxe3 Nc5 23. b3 Rc8 24. Nc4 e6 25. Nb6 1-0

[Event "*** Titled Tuesday 3|2 Blitz"]
[Site "Chess.com"]
[Date "2016.01.05"]
[Round "1"]
[White "Aygehovit1992"]
[Black "Satoshi95"]
[Result "1-0"]
[WhiteElo "2389"]
[BlackElo "2103"]
[TimeControl "180+2"]
[EndTime "17:05:13 PST"]
[Termination "Aygehovit1992 won by resignation"]

1. e4 d5 2. exd5 Nf6 3. Nc3 Nxd5 4. Nf3 c5 5. Bc4 e6 6. O-O Be7 7. d4 Nxc3 8. bxc3 Nc6 9. Re1 O-O 10. Be3 Bf6 11. Rb1 a6 12. a4 Qa5 13. Qd3 Bd7 14. Rxb7 Rad8 15. Ng5 g6 16. Ne4 Be7 17. Bh6 Ne5 18. dxe5 1-0

[Event "*** Titled Tuesday 3|2 Blitz"]
[Site "Chess.com"]
[Date "2016.01.05"]
[Round "1"]
[White "StellarChessPro"]
[Black "Piccadilly123"]
[Result "1-0"]
[WhiteElo "2233"]
[BlackElo "1729"]
[TimeControl "180+2"]
[EndTime "17:05:13 PST"]
[Termination "StellarChessPro won by resignation"]

1. d4 d5 2. Nf3 Nf6 3. e3 Bf5 4. Bd3 Bxd3 5. Qxd3 e6 6. Ne5 Nbd7 7. f4 Bd6 8. O-O Ne4 9. Nd2 Nxd2 10. Bxd2 f6 11.
Nxd7 Qxd7 12. c4 c6 13. c5 Bc7 14. b4 f5 15. a4 a6 16. b5 axb5 17. axb5 Rxa1 18.
Rxa1 cxb5 19. Ra8+ Bd8 20. Ba5 Ke7 21. Bxd8+ Rxd8 22. Ra5 b4 23. Rb5 Ra8 24. Rxb4 Ra6 25. Qb1 Ra7 26. Rb6 Kf6 27. h3 h6 28. Kh2 Kf7 29. Qb4 Kf6 30. Rd6 Qc7 31. Qb5 Ke7 32.
Rb6 Qd7 33. c6 bxc6 34. Rxc6 Rc7 35. Qc5+ Kd8 36. Qf8+ Qe8 37. Qxe8+ Kxe8 38. Rxc7 1-0

[Event "*** Titled Tuesday 3|2 Blitz"]
[Site "Chess.com"]
[Date "2016.01.05"]
[Round "1"]
[White "kharposh"]
[Black "aspired"]
[Result "0-1"]
[WhiteElo "2096"]
[BlackElo "2373"]
[TimeControl "180+2"]
[EndTime "17:05:45 PST"]
[Termination "aspired won by resignation"]

1. e4 e5 2. Nf3 d6 3. d4 exd4 4. Nxd4 Nf6 5. Nc3 Be7 6. Bc4 O-O 7. Bb3 Nbd7 8. O-O Nc5 9. Re1 Re8 10. Bg5 h6 11. Bh4 Nfxe4 12. Bxe7 Rxe7 13. Nd5 Re5 14. f3 Nxb3 15. axb3 Rxd5 16. fxe4 Rg5 17. Nf3 Bg4 18. Qd3 Bxf3 19. Qxf3 Qe7 20. Ra4 a5 21. b4 Ra6 22. Rea1 Qe5 23. c3 axb4 24. Rxa6 bxa6 25. Rxa6 Qc5+ 26. Qf2 bxc3 27. bxc3 Qxc3 28. Ra8+ Kh7 29. Qxf7 Qd4+ 30. Qf2 Qd1+ 31. Qf1 Qd4+ 32. Qf2 Qxe4 33. h4 Rf5 34. Qg3 Qxa8 0-1

[Event "*** Titled Tuesday 3|2 Blitz"]
[Site "Chess.com"]
[Date "2016.01.05"]
[Round "1"]
[White "Fibrinogen"]
[Black "AlexanderL"]
[Result "0-1"]
[WhiteElo "2188"]
[BlackElo "2590"]
[TimeControl "180+2"]
[EndTime "17:05:48 PST"]
[Termination "AlexanderL won by resignation"]

1. e4 e6 2. d4 d5 3. Nd2 c5 4.
exd5 Qxd5 5. Ngf3 cxd4 6. Bc4 Qd6 7. Nb3 Qb4+ 8. Nfd2 Nc6 9. O-O Nf6 10. a3 Qd6 11.
Nf3 Be7 12. Nbxd4 Nxd4 13. Qxd4 Qxd4 14. Nxd4 O-O 15. b3 a6 16. a4 Ne4 17. Re1 Nd6 18.
Bd3 Bf6 19. Bb2 Bd7 20. Rab1 Rfd8 21. Nf3 Bxb2 22. Rxb2 b5 23. axb5 axb5 24. Ne5 Be8 25. Rbb1 f6 26. Nf3 e5 27. Rbd1 Bc6 28. Nd2 b4 29. f3 Kf7 30. Kf2 g6 31. Nc4 Nxc4 32.
Bxc4+ Ke7 33. Ke3 Rxd1 34. Rxd1 Ra5 35. g3 Ra2 36. Rd2 Ra1 0-1

[Event "*** Titled Tuesday 3|2 Blitz"]
[Site "Chess.com"]
[Date "2016.01.05"]
[Round "1"]
[White "LyonBeast"]
[Black "HansCoolNiemann"]
[Result "1-0"]
[WhiteElo "2766"]
[BlackElo "2231"]
[TimeControl "180+2"]
[EndTime "17:06:21 PST"]
[Termination "LyonBeast won by resignation"]

1. d4 Nf6 2. c4 c5 3. d5 e6 4. Nc3 exd5 5. cxd5 d6 6. e4 g6 7. Nf3 Bg7 8. Nd2 O-O 9. Be2 Re8 10. O-O b6 11. Re1 Ba6 12. Bxa6 Nxa6 13. Nc4 Re7 14. Bf4 Ne8 15. Qd2 Nac7 16. Rad1 b5 17. Na5 b4 18. Na4 Qc8 19. Nc6 Rd7 20. b3 Nb5 21. e5 dxe5 22.
Bxe5 Nbc7 23. Bxc7 Nxc7 24. Ne7+ Rxe7 25. Rxe7 Nb5 26. d6 Qf8 27. Nxc5 Bc3 28. Qd5 Rd8 29. Nd7 Qg7 30. Qxb5 Bf6 31. Re8+ Rxe8 32. Nxf6+ Qxf6 33. Qxe8+ Kg7 34. d7 1-0

[Event "*** Titled Tuesday 3|2 Blitz"]
[Site "Chess.com"]
[Date "2016.01.05"]
[Round "1"]
[White "Malev212"]
[Black "chesstatour"]
[Result "1-0"]
[WhiteElo "2294"]
[BlackElo "1912"]
[TimeControl "180+2"]
[EndTime "17:06:47 PST"]
[Termination "Malev212 won on time"]

1. Nf3 g6 2. d4 Bg7 3. Bg5 c5 4.
e3 Qb6 5. Nc3 Nf6 6. Qd2 cxd4 7.
exd4 O-O 8. b3 e6 9. Be2 d5 10. Bh6 Ne4 11. Nxe4 dxe4 12. Bxg7 Kxg7 13. Ng5 Nc6 14.
c3 f5 15. h4 h6 16. h5 Qd8 17. Nh3 g5 18. f3 exf3 19. gxf3 Qf6 20. f4 g4 21. Nf2 Bd7 22. O-O-O Ne7 23. Nd3 Nc6 24. Rhg1 Rae8 25. Bf3 b6 26. Ne5 Nb8 27. Qd3 1-0

[Event "*** Titled Tuesday 3|2 Blitz"]
[Site "Chess.com"]
[Date "2016.01.05"]
[Round "1"]
[White "calemcc"]
[Black "AUSSIE_PINOY"]
[Result "0-1"]
[WhiteElo "2065"]
[BlackElo "2336"]
[TimeControl "180+2"]
[EndTime "17:06:57 PST"]
[Termination "AUSSIE_PINOY won by resignation"]

1. d4 c5 2. Nf3 cxd4 3. Nxd4 d5 4. Bf4 Nc6 5. c4 e6 6. Nc3 a6 7. e3 Nf6 8. Be2 Be7 9. O-O Nxd4 10. Qxd4 dxc4 11.
Qxc4 O-O 12. Bc7 Qe8 13. Rfd1 b5 14. Qb3 Bb7 15. Rac1 Rc8 16. Be5 Rc5 17. Bxf6 Bxf6 18. Ne4 Rxc1 19. Nxf6+ gxf6 20. Rxc1 Qe7 21. a4 Bd5 22.
Qc3 bxa4 23. Bxa6 Rb8 24. Ra1 Rb4 25. Bd3 Kg7 26. Bc2 Qb7 27. Rxa4 Rxa4 28. Bxa4 Bxg2 29. Qb3 Qe4 30. Qc2 Qg4 31. Qd1 Bf3+ 0-1

[Event "*** Titled Tuesday 3|2 Blitz"]
[Site "Chess.com"]
[Date "2016.01.05"]
[Round "1"]
[White "chess4life23"]
[Black "Gabrielian_Artur"]
[Result "0-1"]
[WhiteElo "2147"]
[BlackElo "2495"]
[TimeControl "180+2"]
[EndTime "17:06:59 PST"]
[Termination "Gabrielian_Artur won by resignation"]

1. d4 Nf6 2. c4 c5 3. d5 e6 4. Nc3 exd5 5. cxd5 d6 6. Nf3 g6 7. Nd2 Nbd7 8. e4 Bg7 9. Be2 O-O 10. O-O Re8 11.
Re1 a6 12. a4 Ne5 13. h3 g5 14.
Nc4 Nxc4 15. Bxc4 Nd7 16. Be3 Ne5 17. Be2 h6 18. Qc2 Rf8 19. f4 gxf4 20. Bxf4 f5 21. Qd2 Qh4 22. Kh2 Bd7 23. Bg3 Qg5 24. Bf4 Qg6 25.
Bd1 Rae8 26. Bc2 Qh5 27. Rf1 fxe4 28. Nxe4 Nc4 29. Qd1 Qxd1 30. Raxd1 Bf5 31. b3 Bxe4 32. Bxe4 Rxe4 33. bxc4 Rexf4 0-1

[Event "*** Titled Tuesday 3|2 Blitz"]
[Site "Chess.com"]
[Date "2016.01.05"]
[Round "1"]
[White "Quiet_Desperation"]
[Black "Iball95"]
[Result "0-1"]
[WhiteElo "2120"]
[BlackElo "2394"]
[TimeControl "180+2"]
[EndTime "17:07:02 PST"]
[Termination "Iball95 won by resignation"]

1. e4 e5 2. Nf3 Nc6 3. Bb5 Nf6 4. d3 Bc5 5. O-O Nd4 6. Nxd4 Bxd4 7. c3 Bb6 8. Ba4 c6 9. Kh1 h6 10. h3 d6 11. Nd2 O-O 12. Nc4 Bc7 13. Bc2 d5 14. Nd2 Be6 15. Qe2 Qd7 16. Qf3 Rad8 17.
Nb3 b6 18. Bxh6 Nxe4 19. dxe4 gxh6 20. Qh5 Kg7 21. Rad1 f6 22. Rd3 Rh8 23. Rg3+ Kf8 24. exd5 cxd5 25. Rg6 Qf7 26. Qh4 Ke7 27. Re1 Rdg8 28.
Rxh6 Qg7 29. Rg6 Rxh4 30. Rxg7+ Rxg7 0-1

[Event "*** Titled Tuesday 3|2 Blitz"]
[Site "Chess.com"]
[Date "2016.01.05"]
[Round "1"]
[White "mateueasily"]
[Black "Alliswell998"]
[Result "1-0"]
[WhiteElo "2335"]
[BlackElo "2064"]
[TimeControl "180+2"]
[EndTime "17:07:07 PST"]
[Termination "mateueasily won by checkmate"]

1. e4 c5 2. c3 d5 3. exd5 Nf6 4.
d4 Nxd5 5. dxc5 e6 6. c4 Nb4 7.
Qxd8+ Kxd8 8. Na3 Bxc5 9. Bg5+ f6 10. O-O-O+ Ke7 11. Nb5 fxg5 12. Nc7 N8a6 13. Nxa8 Bd7 14. a3 Nc6 15. b4 Ncxb4 16. axb4 Bxb4 17. Nf3 Rxa8 18. Bd3 h6 19. Bc2 Bc3 20. Rd3 Bf6 21. Rhd1 Nc5 22.
Re3 b6 23. Nd4 Kf7 24. Nb5 Bc6 25. f3 g4 26. Nd6+ Kf8 27. Ra3 a5 28. Ne4 gxf3 29.
gxf3 Be5 30. Nxc5 Bf4+ 31. Kb1 bxc5 32. Be4 Rb8+ 33. Kc2 Bxe4+ 34. fxe4 Rb4 35. Rxa5 Rxc4+ 36. Kb3 Rb4+ 37. Ka3 Rxe4 38. Rd7 Bc1+ 39. Kb3 Re3+ 40. Kc2 Re1 41. Ra8# 1-0

[Event "*** Titled Tuesday 3|2 Blitz"]
[Site "Chess.com"]
[Date "2016.01.05"]
[Round "1"]
[White "Assasin14"]
[Black "Er_is_geen_hoop_meer"]
[Result "0-1"]
[WhiteElo "1949"]
[BlackElo "2313"]
[TimeControl "180+2"]
[EndTime "17:07:08 PST"]
[Termination "Er_is_geen_hoop_meer won by resignation"]

1. e4 c5 2. Nf3 e6 3. Nc3 Nc6 4. d4 cxd4 5. Nxd4 Qc7 6. g3 Nf6 7. Bg2 h5 8. O-O Nxd4 9. Qxd4 Bc5 10. Qd3 a6 11. Bf4 d6 12. Rad1 Ke7 13. a3 Rd8 14. b4 Ba7 15. Ne2 Ng4 16. c4 e5 17. Bg5+ f6 18. Bd2 Be6 19. Rc1 Rac8 20. Nc3 Qxc4 21. Nd5+ Bxd5 22. Rxc4 Bxc4 23. Qf3 Bxf1 24. Bxf1 Nxf2 25.
Kg2 Rc2 26. Qe2 Nxe4 27. Qxe4 Rxd2+ 28. Kh3 Bg1 29. Qxb7+ Rd7 30. Qh1 Rxh2+ 31. Qxh2 Bxh2 32. Kxh2 Ra7 33. a4 d5 34. Kg2 Kd6 35. Kf2 f5 36. Ke3 g5 37. Be2 h4 38. gxh4 f4+ 39. Kf2 gxh4 40.
Kg2 e4 41. Kh3 f3 42. Bf1 d4 43. Kxh4 d3 44. Kg3 d2 45. b5 d1=Q 46. b6 Qe1+ 47. Kf4 Rf7+ 48. Kg5 Qg3+ 0-1

[Event "*** Titled Tuesday 3|2 Blitz"]
[Site "Chess.com"]
[Date "2016.01.05"]
[Round "1"]
[White "oskariot"]
[Black "Carolina-moon"]
[Result "1-0"]
[WhiteElo "2328"]
[BlackElo "2011"]
[TimeControl "180+2"]
[EndTime "17:07:38 PST"]
[Termination "oskariot won by resignation"]

1. e4 c5 2. Nf3 d6 3. d4 Nf6 4. Nc3 cxd4 5. Nxd4 a6 6. f4 e5 7. Nf3 Nbd7 8. a4 Be7 9. Bd3 O-O 10. O-O exf4 11.
Bxf4 Qb6+ 12. Kh1 Qxb2 13. Qe1 Qb6 14. Bg5 Qc5 15. Nd5 Nxd5 16. exd5 Bxg5 17. Bxh7+ Kxh7 18.
Nxg5+ Kg6 19. Qh4 Nf6 20. Rxf6+ gxf6 21. Qh7+ Kxg5 22. Qg7+ Kf5 23. Rf1+ Ke5 24. Qxf8 Qxd5 25. Qh8 Bf5 26. Qxa8 Be4 27. Qe8+ Kd4 28. Rd1+ 1-0

[Event "*** Titled Tuesday 3|2 Blitz"]
[Site "Chess.com"]
[Date "2016.01.05"]
[Round "1"]
[White "LePatronn"]
[Black "cheese111"]
[Result "0-1"]
[WhiteElo "1820"]
[BlackElo "2256"]
[TimeControl "180+2"]
[EndTime "17:07:40 PST"]
[Termination "cheese111 won by checkmate"]

1. e4 e5 2. Nf3 Nc6 3. d4 exd4 4. Nxd4 g6 5. Nxc6 bxc6 6. Nc3 Bg7 7. Bd3 Nf6 8. O-O O-O 9. h3 Rb8 10. e5 Nd5 11. Nxd5 cxd5 12. f4 d6 13. Re1 dxe5 14.
fxe5 Re8 15. Bf4 Rxb2 16. Qc1 Rb6 17. Rb1 Qh4 18. Rxb6 axb6 19. Qe3 Qe7 20. Qd4 Be6 21. Bb5 Ra8 22. a4 c5 23. Qd2 Qc7 24. Qe2 Rf8 25.
Rf1 Qd8 26. Kh1 Bd7 27. Rb1 Re8 28. Bxd7 Qxd7 29. Rxb6 Qxa4 30. e6 Qxf4 31. exf7+ Qxf7 32. Qb5 Re1+ 33. Kh2 Be5+ 34. g3 Qf2# 0-1

[Event "*** Titled Tuesday 3|2 Blitz"]
[Site "Chess.com"]
[Date "2016.01.05"]
[Round "1"]
[White "wonderfultime"]
[Black "jcgs1030"]
[Result "1-0"]
[WhiteElo "2620"]
[BlackElo "2197"]
[TimeControl "180+2"]
[EndTime "17:08:04 PST"]
[Termination "wonderfultime won by resignation"]

1. d4 Nf6 2. c4 g6 3. Nc3 d5 4.
Bg5 Ne4 5. Bh4 Nxc3 6. bxc3 Bg7 7. e3 O-O 8. Nf3 Be6 9. cxd5 Bxd5 10. Bd3 c5 11. O-O Nc6 12. Qe2 Bxf3 13. Qxf3 Qa5 14. Rfc1 Rac8 15. h3 Rfe8 16. Be4 Qa6 17. Rab1 e6 18.
Bg3 f5 19. Bc2 Na5 20. Ba4 Nc6 21. Qd1 b6 22. Qb3 Kh8 23. Bb5 Qb7 24. dxc5 bxc5 25. Ba4 Qxb3 26. Rxb3 e5 27. Rb7 a6 28. Rcb1 Re6 29.
R1b6 Nd8 30. Rxe6 Nxe6 31. Bd7 Rc7 32. Rb8+ Nf8 33. Rxf8+ Bxf8 34. Bxe5+ Kg8 35. Bxc7 Kf7 36. Bc8 1-0

[Event "*** Titled Tuesday 3|2 Blitz"]
[Site "Chess.com"]
[Date "2016.01.05"]
[Round "1"]
[White "AdrianaNikolova"]
[Black "MinhGTrAn"]
[Result "0-1"]
[WhiteElo "2157"]
[BlackElo "2554"]
[TimeControl "180+2"]
[EndTime "17:08:14 PST"]
[Termination "MinhGTrAn won by resignation"]

1. e4 c5 2. Nf3 d6 3. d4 cxd4 4. Nxd4 Nf6 5. Nc3 a6 6. Bg5 e6 7. f4 Be7 8. Qf3 Nbd7 9. O-O-O Qc7 10. g4 h6 11. Bxf6 Bxf6 12. Kb1 Qb6 13. Na4 Qb4 14. Qb3 Qxb3 15. axb3 g5 16. f5 b5 17. fxe6 fxe6 18. Nxe6 Kf7 19. Nc7 Ra7 20. Nd5 bxa4 21. Nxf6 Nxf6 22.
Bc4+ Ke7 23. bxa4 Bxg4 24. Rde1 Be6 25. Bd3 Nd7 26. b4 Ne5 27. Be2 Rb8 28. c3 Rc7 29.
Kb2 a5 30. b5 Bc4 31. Bxc4 Rxc4 32. Kb3 Rbc8 33. Re3 Rf8 34. h4 g4 35. Rd1 Rf3 36.
Rde1 Rc8 37. Kc2 Rcf8 38. R3e2 Kd7 39. Kb3 Kc7 40. Rd2 Nd3 41. Red1 Nc5+ 42. Kc4 Nxe4 43. Rd5 Nxc3 44. b6+ Kb7 45. Rxd6 Nxd1 46. Rxd1 Kxb6 47.
Rd6+ Kc7 48. Rxh6 g3 49. Rh7+ R8f7 50. Rh6 R3f4+ 51. Kb3 Rg4 0-1

[Event "*** Titled Tuesday 3|2 Blitz"]
[Site "Chess.com"]
[Date "2016.01.05"]
[Round "1"]
[White "1stSecond"]
[Black "tigra"]
[Result "0-1"]
[WhiteElo "2480"]
[BlackElo "2193"]
[TimeControl "180+2"]
[EndTime "17:08:29 PST"]
[Termination "tigra won by resignation"]

1. d4 Nf6 2. c4 g6 3. Nc3 Bg7 4. e4 d6 5. Nf3 O-O 6. h3 e5 7.
d5 Nh5 8. g3 Qe8 9. Be2 f5 10. exf5 gxf5 11. Ng5 Nf6 12. g4 h6 13.
Nf3 fxg4 14. hxg4 Bxg4 15. Bxh6 Nbd7 16. Bxg7 Kxg7 17. Ng5 Qg6 18. Bxg4 Qxg5 19. Bxd7 Nxd7 20. Qd3 Rh8 21. Ke2 Qg4+ 22. Kd2 Rxh1 23. Rxh1 Nf6 24. Rh3 Kf7 25. Rf3 Ke7 26. Rg3 Qf4+ 27. Ke2 Rf8 28. Rg7+ Kd8 29. c5 Nh5 30. Rg2 Qf7 31. Kd1 Nf4 32.
Qb5 Nxg2 33. Qxb7 Qd7 34. c6 Qg4+ 35. Kc2 Rxf2+ 36. Kb3 Ne3 37. Qb8+ Qc8 38. Qxa7 Rf3 39. Kb4 Rf4+ 40. Kb5 Rd4 41. a4 Nxd5 42. Ka5 Nxc3 43. bxc3 Rc4 44. Qb7 Rc5+ 45. Ka6 Rxc6+ 46. Ka7 Qxb7+ 0-1

[Event "*** Titled Tuesday 3|2 Blitz"]
[Site "Chess.com"]
[Date "2016.01.05"]
[Round "1"]
[White "eltenedor"]
[Black "chessdude"]
[Result "0-1"]
[WhiteElo "2007"]
[BlackElo "2327"]
[TimeControl "180+2"]
[EndTime "17:08:35 PST"]
[Termination "chessdude won by resignation"]

1. c4 Nf6 2. g3 e6 3. Bg2 d5 4. d4 Bb4+ 5. Bd2 Be7 6. Qc2 O-O 7.
Nf3 c6 8. O-O Nbd7 9. Bf4 b6 10.
Nbd2 Nh5 11. Be3 Bb7 12. Rfd1 Rc8 13. Ne5 Nhf6 14. Bf4 c5 15. dxc5 Nxe5 16. Bxe5 Bxc5 17. e3 Qe7 18. Qb3 dxc4 19. Nxc4 Bxg2 20. Kxg2 Qb7+ 21. f3 Ng4 22. Bf4 Nf6 23. Nd6 Bxd6 24. Bxd6 Rfd8 25. e4 Qc6 26. e5 Nd5 27. Rd2 h5 28. Rad1 h4 29.
Qd3 Qc4 30. Qe2 Qxe2+ 31. Rxe2 Rc4 32. f4 Rdc8 33. Rdd2 g6 34. b3 Rc1 35. Kf3 Kg7 36. Kg4 hxg3 37. hxg3 Rf1 38. Kh3 Rh8+ 39. Kg2 Rhh1 40.
Ba3 Nc3 41. Re3 Nb1 42. Bb4 Nxd2 43. Bxd2 a5 44. Re2 Rfg1+ 45. Kf2 Rh2+ 46. Kxg1 Rxe2 0-1

[Event "*** Titled Tuesday 3|2 Blitz"]
[Site "Chess.com"]
[Date "2016.01.05"]
[Round "1"]
[White "jefferyx"]
[Black "spirals5"]
[Result "0-1"]
[WhiteElo "2541"]
[BlackElo "2216"]
[TimeControl "180+2"]
[EndTime "17:08:54 PST"]
[Termination "spirals5 won by resignation"]

1. b4 e5 2. a3 d5 3. Bb2 Bd6 4. e3 Nf6 5. Nf3 Qe7 6. d4 e4 7. Nfd2 Bg4 8. Qc1 Nbd7 9. c4 c6 10.
Nc3 O-O 11. h3 Be6 12. Qc2 a6 13. Be2 b5 14. c5 Bc7 15. a4 Rfb8 16. axb5 axb5 17.
O-O Nf8 18. Rxa8 Rxa8 19. Ra1 Rxa1+ 20. Bxa1 Ng6 21. Qa2 Qd7 22. Qa8+ Qc8 23. Qa7 Bb8 24.
Qb6 Bc7 25. Qa7 Bb8 26. Qa5 Bc7 27. Qa2 h5 28. Bf1 Nh4 29. Kh1 g5 30. Qa7 g4 31. g3 Nf3 32. Nxf3 gxf3 33. Kh2 h4 34. Bb2 hxg3+ 35. fxg3 Nh5 36. Nxe4 dxe4 37. d5 Bxg3+ 38. Kg1 Bxh3 39. Qe7 f2+ 40. Kh1 Bxf1 41. Qg5+ Kf8 42.
Qh6+ Ke8 43. Qh8+ Kd7 44. Qxh5 Kc7 45. Qxf7+ Qd7 46. d6+ Kc8 47. Qg8+ Kb7 0-1

[Event "*** Titled Tuesday 3|2 Blitz"]
[Site "Chess.com"]
[Date "2016.01.05"]
[Round "1"]
[White "aNONoNonono"]
[Black "GrigorGrigorov"]
[Result "0-1"]
[WhiteElo "2157"]
[BlackElo "2506"]
[TimeControl "180+2"]
[EndTime "17:08:55 PST"]
[Termination "GrigorGrigorov won by resignation"]

1. e4 g6 2. d4 Bg7 3. Nf3 d6 4. Be2 Nf6 5. Nbd2 O-O 6. O-O e5 7. dxe5 dxe5 8. Nxe5 Re8 9. Nef3 Nc6 10. Re1 Nxe4 11.
Nxe4 Rxe4 12. Qxd8+ Nxd8 13. c3 Nc6 14. Bg5 h6 15. Bh4 Bg4 16. Bg3 Rae8 17. Bd3 Rxe1+ 18.
Rxe1 Rxe1+ 19. Nxe1 Ne5 20. Be4 c6 21. Nf3 Nc4 22. b3 Bxf3 23. Bxf3 Nd2 24. c4 Nxf3+ 25. gxf3 f5 26. Kf1 Kf7 27. Ke2 g5 28. Bb8 a6 29.
Kd3 Ke6 30. h3 Be5 31. Ba7 Kf6 32. Be3 Kg6 33. Bd4 Bc7 34. Bc3 Kh5 35. Bg7 Bb6 36.
Ke2 Bc5 37. a4 Kg6 38. Be5 Bf8 39. f4 g4 40. f3 gxh3 41. Kf2 Bg7 42. Bd6 Kf7 43. Kg3 Ke6 44. Bc5 Bf6 45. Kxh3 b5 46. axb5 cxb5 47. Kg3 bxc4 48. bxc4 a5 49. Kf2 a4 50.
Ba3 Be7 51. Bb2 a3 0-1

[Event "*** Titled Tuesday 3|2 Blitz"]
[Site "Chess.com"]
[Date "2016.01.05"]
[Round "1"]
[White "Zlatan56"]
[Black "Cecile_Haussernot"]
[Result "1-0"]
[WhiteElo "2585"]
[BlackElo "2193"]
[TimeControl "180+2"]
[EndTime "17:09:05 PST"]
[Termination "Zlatan56 won by resignation"]

1. Nf3 c5 2. g3 Nc6 3. Bg2 g6 4. O-O Bg7 5. c3 d5 6. d4 Nf6 7. dxc5 O-O 8. Nbd2 e5 9. Nb3 Be6 10. Bg5 h6 11. Bxf6 Qxf6 12. Nfd2 Qe7 13. e4 Rad8 14. exd5 Bxd5 15. Bxd5 Rxd5 16. Qe2 f5 17. Rad1 e4 18. Nc4 Rfd8 19. f4 Qe6 20. Nd6 b6 21. Qc4 R5xd6 22. Qxe6+ Rxe6 23. Rxd8+ Nxd8 24. Rd1 Nb7 25. cxb6 axb6 26.
Kf2 e3+ 27. Ke2 Nd6 28. Nc1 Nc4 29. Rd8+ Kf7 30. Nd3 Bf6 31. Rc8 Nd6 32. Rc7+ Kf8 33. Rc6 Ke7 34. Rxb6 g5 35. Nc5 gxf4 36. gxf4 Re4 37.
Nxe4 Nxe4 38. a4 Kd7 39. a5 Bd8 40. Rb5 Nd6 41. Rc5 Nb7 42. a6 Nxc5 43. a7 Ne4 44. a8=Q Bc7 45. Qd5+ Nd6 46. c4 Ke7 47. Qe5+ Kd7 48.
c5 Nb5 49. Qxf5+ Kc6 50. Qh7 Kxc5 51. Kxe3 Bb6 52. Kf3 Nd4+ 53. Kg4 Kd5 54. Qxh6 1-0